 Dungeon Crawl Stone Soup version 0.29.1-12-g30fa7ad0bf (webtiles) character file.

Game seed: 14353526888056377122

95 Oxelix the Magician (level 4, -2/24 HPs)
             Began as a Deep Elf Fire Elementalist on Jan 4, 2023.
             Killed from afar by an orc wizard (11 damage)
             ... with a puff of flame
             ... on level 3 of the Dungeon.
             The game lasted 00:06:09 (2147 turns).

Oxelix the Magician (Deep Elf Fire Elementalist)    Turns: 2147, Time: 00:06:10

Health: -2/24      AC:  2    Str:  5    XL:     4   Next: 39%
Magic:  0/12       EV: 12    Int: 22    God:
Gold:   123        SH:  0    Dex: 15    Spells: 8/11 levels left

rFire   . . .      SeeInvis .   c - +0 short sword (venom)
rCold   + . .      Faith    .   (no shield)
rNeg    . . .      Spirit   .   a - +0 robe
rPois   .          Reflect  .   (no helmet)
rElec   .          Harm     .   (no cloak)
rCorr   .          Rampage  .   (no gloves)
Will    .....                   (no boots)
Stlth   ++........              (no amulet)
HPRegen 0.08/turn               n - ring of protection from cold
MPRegen 0.13/turn               (no ring)

@: no status effects
A: no striking features
a: no special abilities


You were on level 3 of the Dungeon.
You visited 1 branch of the dungeon, and saw 3 of its levels.

You collected 123 gold pieces.

Inventory:

Hand Weapons
 c - a +0 short sword of venom (weapon)
Missiles
 h - 2 boomerangs (quivered)
Armour
 a - a +0 robe (worn)
Jewellery
 n - a ring of protection from cold (left hand)
Scrolls
 d - 2 scrolls of butterflies {unknown}
 e - a scroll of enchant armour {unknown}
 f - a scroll of identify {unknown}
 g - a scroll of vulnerability {unknown}
Potions
 b - a potion of magic
 i - 2 potions of lignification {unknown}
 j - a potion of mutation {unknown}
 k - a potion of attraction {unknown}
 l - a potion of might {unknown}
 m - a potion of curing {unknown}


   Skills:
 - Level 2.4 Dodging
 - Level 2.4 Stealth
 + Level 4.4 Spellcasting
 + Level 2.8 Conjurations
 + Level 4.2 Fire Magic


You had 8 spell levels left.
You knew the following spells:

 Your Spells              Type           Power      Damage    Failure   Level
a - Foxfire               Conj/Fire      80%        2x1d8     2%          1
b - Scorch                Fire           46%        2d7       2%          2

Your spell library contained the following spells:

 Spells                   Type           Power      Damage    Failure   Level
 Conjure Flame            Conj/Fire      20%        6-21      8%          3
 Inner Flame              Hex/Fire       14%        N/A       14%         3
 Flame Wave               Conj/Fire      20%        2d7       26%         4
 Ozocubu's Armour         Ice            4%         N/A       32%         3
 Ozocubu's Refrigeration  Ice            2%         4d7       100%        7


Dungeon Overview and Level Annotations

Branches:
Dungeon (3/15)

Altars:
Makhleb
Xom

Shops:
D:1 *


Message History

Casting: Scorch (safe; 2% risk of failure)
Confirm with . or Enter, or press ? or * to list all spells.
You conjure some foxfire!
The orc wizard shouts!
The foxfire hits the orc wizard.
The orc wizard is moderately wounded.
The foxfire hits the orc wizard.
The orc wizard is severely wounded.
Casting: Foxfire (safe; 2% risk of failure)
Confirm with . or Enter, or press ? or * to list all spells.
You conjure some foxfire!
An orc wizard is nearby!
The foxfire hits the orc wizard but does no damage.
The orc wizard is severely wounded.
The orc wizard casts a spell at you. You resist with some effort.
An orc priest comes into view. It is wielding a +0 club.
Your foxfire dissipates!
The orc wizard points at you and mumbles some strange words.
You resist with some effort.
The orc priest calls upon Beogh to heal the orc wizard.
The orc wizard is healed somewhat.
The orc wizard gestures at you while chanting.
You are confused.
You're too confused to cast spells.
You bump into the rock wall.
You bump into the rock wall.
You feel less confused.
Casting: Foxfire (safe; 2% risk of failure)
Confirm with . or Enter, or press ? or * to list all spells.
Flames lash the orc wizard.
The orc wizard is almost dead.
The orc wizard's fire resistance burns away.
The orc priest invokes the aid of Beogh against you.
Pain shoots through your body!
The orc wizard points at you and mumbles some strange words.
The magic dart hits you.
The orc wizard points at you and mumbles some strange words.
The puff of flame hits you!
You die...

#.# #...........# #.#
#.#......##.# .(.#.# #.#
#.#......##[# ...#.## #.#
#.##......#.# .....#
#.####.##.####.#.### #....#
#.#....##.#..#.#.... #....#
#.#.#####.#..#.##### #....#
#......##.#†.#.### # .#..>.#
#..@......#<.#...###
.....#########oo#########.#......
................# #......^^^.
####.##########.# #...#..^_.. #.#
#.# +...#..^^^. ....o# #.#
+...##..... ....). ###
+.######..# .....## #) ##.†
.....# #. ###


You could see an orc priest and an orc wizard (combustible).

Vanquished Creatures
  An orc wizard (D:3)
  2 adders (D:2)
  2 worms (D:2)
  2 dart slugs (D:1)
  2 orcs (D:3)
  5 ball pythons
  3 endoplasms
  4 hobgoblins
  6 kobolds
  A quokka (D:1)
  2 bats
  A frilled lizard (D:3)
  6 goblins
  4 rats
41 creatures vanquished.

Vanquished Creatures (others)
  83 foxfires
83 creatures vanquished.

Grand Total: 124 creatures vanquished

Notes
Turn   | Place    | Note
-------+----------+-------------------------------------------
     0 | D:1      | Oxelix the Deep Elf Fire Elementalist began the quest for
                  | the Orb.
     0 | D:1      | Reached XP level 1. HP: 10/10 MP: 6/6
    34 | D:1      | Reached XP level 2. HP: 15/15 MP: 0/8
   480 | D:1      | Found Cuof Bup's Assorted Antiques.
  1071 | D:2      | Reached XP level 3. HP: 8/19 MP: 6/10
  1621 | D:2      | Learned a level 2 spell: Scorch
  1667 | D:2      | Found a burning altar of Makhleb.
  1926 | D:3      | Found a shimmering altar of Xom.
  2018 | D:3      | Identified the +0 leather armour "Huehiuss" {rElec Stlth+}
  2122 | D:3      | Reached XP level 4. HP: 24/24 MP: 4/12
  2147 | D:3      | Killed from afar by an orc wizard

Illustrated notes

Levels and vault maps discovered:
D:1:      erik_arrival_cave_to_civilisation [erik_arrival_cave_to_hall],
          layout_basic, serial_shops, shop, item_on_display_a
D:2:      layout_basic, basic_altar
D:3:      layout_basic, vehumet_altar_wand_db, xom_teletrap_fun,
          mainiacjoe_overflow_alcove_4, shapermc_ecumenical_altar_starsandcircs,
          uniq_jessica, uniq_grinder

Skill      XL: |  1  2  3 |
---------------+----------+-----
Conjurations   | 2 |  2.8
Spellcasting   | 4 |  4.4
Fire Magic     | 4 |  4.2
Dodging        | |  2.4
Stealth        | |  2.4

Action                   |  1- 3 |  4- 6 || total
-------------------------+-------+-------++-------
Melee: Short sword       |     4 |       ||     4
Throw: Boomerang         |    17 |       ||    17
 Cast: Foxfire           |    50 |     3 ||    53
       Scorch            |     2 |     2 ||     4
Dodge: Dodged            |     8 |       ||     8
